 Dungeon Crawl Stone Soup version 0.30-a0-757-ga6a79fd877 (webtiles) character file.

Game seed: 5436762105192265642

1058 Caestello the Cleaver (level 8, -7/70 HPs)
             Began as a Minotaur Monk on Feb 9, 2023.
             Killed from afar by Dowan (16 damage)
             ... with a stone arrow
             ... on level 5 of the Dungeon.
             The game lasted 00:09:01 (4103 turns).

Caestello the Cleaver (Minotaur Monk)               Turns: 4103, Time: 00:09:02

Health: -7/70      AC:  5    Str: 18    XL:     8   Next: 6%
Magic:  16/16      EV: 14    Int:  7    God:
Gold:   144        SH:  0    Dex: 13    Spells: 7/7 levels left

rFire   . . .      SeeInvis .    y - +0 executioner's axe
rCold   . . .      Faith    .    (shield currently unavailable)
rNeg    . . .      Spirit   .    b - +0 robe
rPois   .          Reflect  .    (helmet restricted)
rElec   .          Harm     .    (no cloak)
rCorr   .          Rampage  .    m - +1 Delatra's gloves {ID++}
Will    .....                    p - +0 pair of boots
Stlth   ++                       o - amulet of the acrobat
HPRegen 0.31/turn                h - ring of magical power
MPRegen 0.15/turn                (no ring)

@: no status effects
A: horns 2, retaliatory headbutt
a: no special abilities


You were on level 5 of the Dungeon.
You visited 1 branch of the dungeon, and saw 5 of its levels.

You collected 144 gold pieces.

Inventory:

Hand Weapons
 a - a +0 hand axe
 y - a +0 executioner's axe (weapon)
Armour
 b - a +0 robe (worn)
 d - a +0 plate armour
 m - the +1 Delatra's gloves (worn) {ID++}
   (You found it on level 2 of the Dungeon)

   ID++:      It heals its wearer when they drink unknown potions, and restores
   their MP when they read unknown scrolls.
 p - a +0 pair of boots (worn)
 w - a +0 scale mail
Jewellery
 g - an amulet of faith
 h - a ring of magical power (left hand)
 k - an amulet of reflection
 o - an amulet of the acrobat (around neck)
 u - a ring of resist corrosion
Wands
 r - a wand of iceblast (8)
Scrolls
 e - 3 scrolls of teleportation
 f - a scroll of identify
 i - 2 scrolls of poison
 j - a scroll of vulnerability
 l - a scroll of fear
 n - 4 scrolls of blinking
Potions
 c - 2 potions of ambrosia
 q - a potion of flight {unknown}
 s - 3 potions of curing
 v - a potion of berserk rage
 x - 2 potions of degeneration {unknown}


   Skills:
 + Level 6.0 Fighting
 + Level 8.1 Axes
 * Level 4.3 Armour
 + Level 5.7 Dodging
 - Level 2.1 Stealth


You had 7 spell levels left.
You didn't know any spells.
Your spell library contained the following spells:

 Spells                   Type           Power      Damage    Failure   Level
 Summon Guardian Golem    Hex/Summ       0%         N/A       80%         3
 Orb of Destruction       Conj           0%         9d5       100%        7
 Spellforged Servitor     Conj/Summ      0%         N/A       100%        7


Dungeon Overview and Level Annotations

Branches:
Dungeon (5/15)
 Temple: D:4-7

Altars:
Kikubaaqudgha
Makhleb
Wu Jian
Zin

Annotations:
D:5 Dowan


Innate Abilities, Weirdness & Mutations

You have a pair of horns on your head.
You reflexively headbutt those who attack you in melee.


Message History

Duvessa hits you with a +0 short sword of speed.
You slice Duvessa!!
You kill Duvessa!
Dowan seems overcome with grief.
Dowan seems to find hidden reserves of power!
You closely miss Dowan. Dowan closely misses you. Dowan completely misses you.
Your Fighting skill increases to level 6!
Your Axes skill increases to level 8!
You have reached level 8!
You feel agile.
You closely miss Dowan.
Dowan hits you with a +2 dagger of venom. x2
You are poisoned.
Dowan hits you with a +2 dagger of venom.
You are more poisoned.
You slash Dowan! You headbutt Dowan, but do no damage.
Dowan is severely wounded.
You feel extremely sick.
Dowan drinks a potion.
Dowan is healed!
Dowan hits you with a +2 dagger of venom.
You are more poisoned.
You slash Dowan! You headbutt Dowan.
Dowan is almost dead.
You feel extremely sick. Dowan closely misses you.
Dowan hits you with a +2 dagger of venom.
You are more poisoned.
You miss Dowan.
Dowan is almost dead.
* * * LOW HITPOINT WARNING * * *
You feel extremely sick. Dowan gestures at you while chanting.
The stone arrow hits you!
* * * LOW HITPOINT WARNING * * *
Dowan hits you with a +2 dagger of venom.
* * * LOW HITPOINT WARNING * * *
You feel better. Dowan casts a spell at you. The stone arrow hits you!
You die...

######## #......# #.####.#
#.# #.## **
#######.####..##############
*,
#......>..##...#e..........##
*,
#.#####.#......@)#####......#
*, ##.#####.####...###
#.###..# *, .......#.......##
#.###..# *, ##.###.#######.#
#.##...# *, #.# #<# #.#
#.##.#.# *, #.# #.# *#+#*
#.##.#.# *, #.# #.# **,,,**
#.##e#.# *, #.#*#.# **,,,,,**
*#......#*** *#.#,#.#
**,,,,,,,** *,,,.....,*


You could see Dowan (fast).

Vanquished Creatures
  Pikel (D:4)
  Grinder (D:3)
  Duvessa (D:5)
  Natasha (thrice) (D:3)
  Ijyb (D:3)
  An orc wizard (D:2)
  5 adders
  2 worms
  2 dart slugs (D:1)
  14 orcs
  11 bats
  8 endoplasms
  4 giant cockroaches
  6 goblins
  12 hobgoblins
  3 jackals
  8 kobolds
  5 quokkas
  14 ball pythons
  4 frilled lizards
  4 rats
110 creatures vanquished.

Vanquished Creatures (others)
  An orc (D:3)
1 creature vanquished.

Grand Total: 111 creatures vanquished

Notes
Turn   | Place    | Note
-------+----------+-------------------------------------------
     0 | D:1      | Caestello the Minotaur Monk began the quest for the Orb.
     0 | D:1      | Reached XP level 1. HP: 19/19 MP: 0/0
    31 | D:1      | Found a large runed translucent door.
    31 | D:1      | Found a large runed translucent door.
   102 | D:1      | Reached XP level 2. HP: 27/27 MP: 1/1
   266 | D:1      | Reached skill level 4 in Axes
   522 | D:1      | Reached XP level 3. HP: 33/33 MP: 2/2
  1031 | D:2      | Reached XP level 4. HP: 39/41 MP: 3/3
  1130 | D:2      | Found a faded altar of an unknown god.
  1282 | D:2      | Found the +1 Delatra's gloves {ID++}
  1290 | D:2      | Reached skill level 1 in Armour
  1676 | D:2      | Reached skill level 5 in Axes
  1676 | D:2      | Reached XP level 5. HP: 43/47 MP: 4/4
  1954 | D:3      | Found an ornate altar of the Wu Jian Council.
  1994 | D:3      | Noticed Grinder
  2009 | D:3      | Paralysed by Grinder for 3 turns
  2026 | D:3      | Killed Grinder
  2027 | D:3      | Reached skill level 5 in Fighting
  2027 | D:3      | Reached skill level 6 in Axes
  2027 | D:3      | Reached XP level 6. HP: 56/56 MP: 5/5
  2258 | D:3      | Noticed Ijyb
  2267 | D:3      | Killed Ijyb
  2408 | D:3      | Found an ancient bone altar of Kikubaaqudgha.
  2415 | D:3      | Noticed Natasha
  2421 | D:3      | Killed Natasha
  2615 | D:3      | Noticed Natasha
  2626 | D:3      | Killed Natasha
  2864 | D:3      | Noticed Natasha
  2869 | D:3      | Killed Natasha
  2870 | D:3      | Reached skill level 5 in Dodging
  3115 | D:4      | Identified the +0 robe of Jaclirue {Contam rElec rPois
                  | Will-}
  3358 | D:4      | Found a burning altar of Makhleb.
  3364 | D:4      | Found a glowing silver altar of Zin.
  3364 | D:4      | Noticed a balrug
  3364 | D:4      | Noticed an angel
  3611 | D:4      | Noticed Pikel
  3625 | D:4      | Killed Pikel
  3626 | D:4      | Reached skill level 7 in Axes
  3626 | D:4      | Reached XP level 7. HP: 62/62 MP: 6/6
  4024 | D:5      | Entered Level 5 of the Dungeon
  4072 | D:5      | Noticed Dowan
  4074 | D:5      | Noticed Duvessa
  4098 | D:5      | Killed Duvessa
  4099 | D:5      | Reached skill level 8 in Axes
  4099 | D:5      | Reached XP level 8. HP: 53/70 MP: 7/7
  4102 | D:5      | HP: 1/70 [Dowan/+2 dagger of venom (6)]
  4103 | D:5      | Killed from afar by Dowan

Illustrated notes

Levels and vault maps discovered:
D:1:      erik_arrival_cave_to_civilisation [erik_arrival_cave_to_temple],
          layout_basic, minmay_pentomino_o2
D:2:      layout_basic, ebering_ecumenical_altar_sacrificial,
          pf_guarded_unrand_delatra
D:3:      layout_basic, kiku_gazebo_pond_becter, nzn_wu_jian_contemplation,
          st_stairs_13, chequers_hall_statues_corner_a, uniq_ijyb, uniq_natasha,
          uniq_grinder
D:4:      layout_layer_cave, grunt_temple_overflow_order_and_chaos_2, uniq_pikel
D:5:      layout_loops_corners, fedhas_altar_3,
          mainiacjoe_overflow_catch_the_wave, serial_shops,
          nicolae_shop_behind_doors, dk_noncrumbling_2, uniq_duvessa

Skill      XL: |  1  2  3  4  5  6  7 |
---------------+----------------------+-----
Fighting       | 4 5 6 |  6.0
Axes           | 4 5 6 7 8 |  8.1
Dodging        | 4 5 |  5.7
Stealth        | 2 |  2.1
Armour         | 1 2 4 |  4.3

Action                     |  1- 3 |  4- 6 |  7- 9 || total
---------------------------+-------+-------+-------++-------
  Melee: Hand axe          |    96 |   146 |       ||   242
         Headbutt          |    14 |    20 |     3 ||    37
         Punch             |     2 |     2 |       ||     4
         Executioner's axe |       |     5 |     9 ||    14
    Use: Potion            |       |     4 |     1 ||     5
         Scroll            |       |     6 |     1 ||     7
   Stab: Sleeping          |     4 |     6 |       ||    10
         Invisible         |       |     1 |       ||     1
 Armour: Robe              |    25 |    30 |     1 ||    56
  Dodge: Dodged            |    80 |   128 |     7 ||   215

Table legend: (Time is in decaauts)
 A = Elapsed time spent in this place.
 B = Non-inter-level travel time spent in this place.
 C = Inter-level travel time spent in this place.
 D = Time resting spent in this place.
 E = Time spent auto-exploring this place.
 F = Levels seen in this place.
 G = Mean time per level.
                   A        B        C        D        E       F      G
               +--------+--------+--------+--------+--------+-----+--------+
         Total |   4138 |   3916 |    222 |     57 |   2761 |   5 |  827.6 |
       Dungeon |   4138 |   3916 |    222 |     57 |   2761 |   5 |  827.6 |
               +--------+--------+--------+--------+--------+-----+--------+

Top non-repeatable levels by time:
     D:4: 1133 daAuts
     D:3: 1014 daAuts
     D:2: 994 daAuts
     D:1: 913 daAuts
     D:5: 82 daAuts
